AoeStats
← estefanichka

Four Lakes

509753906Analyzed
1v1 RM · 4d ago on Sep 27, 2026· 44m 56s· 2 players
Game mode
Random Map
Map size
Tiny (2 player)
Population
200
Speed
Normal
Resources
Standard
Victory
Conquest
Starting age
Dark Age
Ending age
Imperial Age
RankedLock teamsTeams togetherTeam positionsShared explorationLock speedFull tech treeHidden civsTurbo modeCheats
Victory
Defeat
🇺🇸 Malay · United States
975
+15
🇺🇸 Celts · United States
959
-15
estefanichka
8:43 Loom
11:18 Feudal Age
11:24 Man-at-Arms
12:16 Man-at-Arms
19:40 Castle Age
17:51 Scale Mail Armor
20:42 Forging
23:15 Iron Casting
22:56 Chain Mail Armor
22:34 Horse Collar
25:22 Fletching
25:33 Padded Archer Armor
25:30 Long Swordsman
27:44 Stone Mining
27:51 Double-Bit Axe
28:08 Heavy Plow
35:46 Imperial Age
34:11 Bodkin Arrow
34:39 Ballistics
34:30 Masonry
35:16 Stronghold
37:08 Conscription
36:43 Two-Handed Swordsman
39:47 Conscription
39:01 Capped Ram
43:16 Hoardings
43:45 Chemistry
Gregarious1
12:37 Feudal Age
12:16 Double-Bit Axe
12:42 Fishing Lines
14:05 Wheelbarrow
18:24 Castle Age
16:17 Gold Mining
16:18 Stone Mining
18:37 Gillnets
20:29 Bow Saw
21:55 Hand Cart
23:41 Gold Shaft Mining
23:41 Stone Shaft Mining
24:21 Thalassocracy
24:54 Fletching
33:31 Imperial Age
31:08 Town Watch
30:48 Man-at-Arms
31:29 Squires
31:15 Arson
31:42 Forging
31:27 Bodkin Arrow
33:02 Forced Levy
33:23 Conscription
32:26 Long Swordsman
33:23 Two-Handed Swordsman
34:42 Iron Casting
34:08 Bracer
34:50 Murder Holes
35:24 Ballistics
38:44 Horse Collar
41:12 Blast Furnace
Connection lost

Rejoining the realm…

Still unreachable

The connection could not be restored.

Session expired

The server has moved on; the page needs a fresh start.